TOP OF THE 1ST |
Detroit (WIN) Tigers batting - Pitching for Los Angeles (WIN) Dodgers : RHP Jason Englert
|
Pitching: RHP Jason Englert
|
|
Batting: LHB Bill Ford
|
0-0: Ball 1-0: Called Strike 1-1: Swinging Strike 1-2: Ground out 3-1 (Groundball, 34, EV 98.8 MPH)
|
Batting: RHB Tanner Purchase
|
0-0: Ball 1-0: Ground out 4-3 (Groundball, 4, EV 91.9 MPH)
|
Batting: SHB Adam Weber
|
0-0: Foul Ball, location: 2F 0-1: Ball 1-1: Ball 2-1: SINGLE (Groundball, P, EV 88.8 MPH) (infield hit)
|
Batting: RHB J.J. Basil
|
0-0: Called Strike 0-1: Foul Ball, location: 2F 0-2: Fly out, F7 (Flyball, 78M, EV 89.4 MPH)
|
Top of the 1st over - 0 runs, 1 hit, 0 errors, 1 left on base; Detroit (WIN) 0 - Los Angeles (WIN) 0 |
BOTTOM OF THE 1ST |
Los Angeles (WIN) Dodgers batting - Pitching for Detroit (WIN) Tigers : RHP Dale Gilbert
|
Pitching: RHP Dale Gilbert
|
|
Batting: LHB Tony Morales
|
0-0: Called Strike 0-1: Ground out 5-3 (Groundball, 25, EV 81.9 MPH)
|
Batting: RHB Nick Getz
|
0-0: Foul Ball, location: 2F 0-1: Ball 1-1: Foul Ball, location: 2F 1-2: Strikes out swinging
|
Batting: LHB Jose Robles
|
0-0: Ball 1-0: Ball 2-0: Called Strike 2-1: Ball 3-1: Ground out 4-3 (Groundball, 4, EV 79.4 MPH)
|
Bottom of the 1st over - 0 runs, 0 hits, 0 errors, 0 left on base; Detroit (WIN) 0 - Los Angeles (WIN) 0 |
TOP OF THE 2ND |
Detroit (WIN) Tigers batting - Pitching for Los Angeles (WIN) Dodgers : RHP Jason Englert
|
Batting: SHB Sean Foley
|
0-0: Ball 1-0: Ball 2-0: Called Strike 2-1: Called Strike 2-2: Strikes out swinging
|
Batting: RHB Aaron Cusick
|
0-0: Ball 1-0: Ball 2-0: Ball 3-0: Called Strike 3-1: Called Strike 3-2: Strikes out looking
|
Batting: LHB Brad Gaskill
|
0-0: Ball 1-0: Called Strike 1-1: Swinging Strike 1-2: Strikes out swinging
|
Top of the 2nd over - 0 runs, 0 hits, 0 errors, 0 left on base; Detroit (WIN) 0 - Los Angeles (WIN) 0 |
BOTTOM OF THE 2ND |
Los Angeles (WIN) Dodgers batting - Pitching for Detroit (WIN) Tigers : RHP Dale Gilbert
|
Batting: LHB Robin More
|
0-0: Ball 1-0: DOUBLE (Flyball, 8LXD, EV 110.6 MPH)
|
Batting: RHB Luis Grajeda
|
0-0: Called Strike 0-1: Ball 1-1: Called Strike 1-2: Foul Ball, location: 2F 1-2: Ground out 6-3 (Groundball, 6, EV 83.8 MPH) Robin More to third
|
Batting: RHB Devon Fourcade
|
0-0: Ground out 6-3 (Groundball, 6, EV 100.6 MPH) Robin More scores
|
Batting: RHB Carlos Talavera
|
0-0: Ball 1-0: Ball 2-0: Foul Ball, location: 2F 2-1: Ball 3-1: Ground out 5-3 (Groundball, 56S, EV 84.4 MPH)
|
Bottom of the 2nd over - 1 run, 1 hit, 0 errors, 0 left on base; Detroit (WIN) 0 - Los Angeles (WIN) 1 |
TOP OF THE 3RD |
Detroit (WIN) Tigers batting - Pitching for Los Angeles (WIN) Dodgers : RHP Jason Englert
|
Batting: RHB Willie Ochoa
|
0-0: Called Strike 0-1: SINGLE (Groundball, 56D, EV 105.0 MPH)
|
Batting: RHB Norm Wood
|
0-0: Ball 1-0: Called Strike 1-1: Called Strike 1-2: Foul Ball, location: 2F 1-2: Strikes out looking
|
Batting: LHB Bill Ford
|
0-0: Called Strike 0-1: Ball 1-1: Foul Ball, location: 2F 1-2: Strikes out swinging
|
Batting: RHB Tanner Purchase
|
0-0: Ball 1-0: Called Strike 1-1: Swinging Strike 1-2: Foul Ball, location: 2F 1-2: Ball 2-2: Strikes out swinging
|
Top of the 3rd over - 0 runs, 1 hit, 0 errors, 1 left on base; Detroit (WIN) 0 - Los Angeles (WIN) 1 |
BOTTOM OF THE 3RD |
Los Angeles (WIN) Dodgers batting - Pitching for Detroit (WIN) Tigers : RHP Dale Gilbert
|
Batting: LHB Helmut Steggall
|
0-0: Foul Ball, location: 2F 0-1: Swinging Strike 0-2: Ball 1-2: Strikes out swinging, 2-3 out at first.
|
Batting: RHB Kyle Garrett
|
0-0: Foul Ball, location: 2F 0-1: Ball 1-1: Called Strike 1-2: Strikes out swinging
|
Batting: LHB Tony Morales
|
0-0: Called Strike 0-1: Called Strike 0-2: Strikes out swinging
|
Bottom of the 3rd over - 0 runs, 0 hits, 0 errors, 0 left on base; Detroit (WIN) 0 - Los Angeles (WIN) 1 |
TOP OF THE 4TH |
Detroit (WIN) Tigers batting - Pitching for Los Angeles (WIN) Dodgers : RHP Jason Englert
|
Batting: SHB Adam Weber
|
0-0: Ball 1-0: Swinging Strike 1-1: Fly out, F7 (Line Drive, 7LM, EV 86.9 MPH)
|
Batting: RHB J.J. Basil
|
0-0: Ball 1-0: DOUBLE (Line Drive, 9LM, EV 110.6 MPH)
|
Batting: SHB Sean Foley
|
0-0: Foul Ball, location: 2F 0-1: Ball 1-1: Ball 2-1: Ground out 4-3 (Groundball, 4, EV 81.9 MPH) J.J. Basil to third
|
Batting: RHB Aaron Cusick
|
0-0: Called Strike 0-1: Foul Ball, location: 2F 0-2: Foul Ball, location: 2F 0-2: Ball 1-2: Foul Ball, location: 2F 1-2: Strikes out looking
|
Top of the 4th over - 0 runs, 1 hit, 0 errors, 1 left on base; Detroit (WIN) 0 - Los Angeles (WIN) 1 |
BOTTOM OF THE 4TH |
Los Angeles (WIN) Dodgers batting - Pitching for Detroit (WIN) Tigers : RHP Dale Gilbert
|
Batting: RHB Nick Getz
|
0-0: Called Strike 0-1: Ball 1-1: Ball 2-1: Swinging Strike 2-2: Hit by Pitch
|
Batting: LHB Jose Robles
|
0-0: Called Strike 0-1: Ball 1-1: Foul Ball, location: 2F 1-2: Strikes out swinging
|
Batting: LHB Robin More
|
0-0: Ball 1-0: Swinging Strike 1-1: Swinging Strike 1-2: Strikes out swinging
|
Batting: RHB Luis Grajeda
|
0-0: Foul Ball, location: 2F 0-1: Swinging Strike 0-2: Ball Nick Getz steals 2nd base 1-2: Strikes out swinging
|
Bottom of the 4th over - 0 runs, 0 hits, 0 errors, 1 left on base; Detroit (WIN) 0 - Los Angeles (WIN) 1 |
TOP OF THE 5TH |
Detroit (WIN) Tigers batting - Pitching for Los Angeles (WIN) Dodgers : RHP Jason Englert
|
Batting: LHB Brad Gaskill
|
0-0: Ball 1-0: Swinging Strike 1-1: Foul Ball, location: 2F 1-2: Ball 2-2: Foul Ball, location: 2F 2-2: Foul Ball, location: 2F 2-2: Foul Ball, location: 2F 2-2: Ball 3-2: Strikes out swinging
|
Batting: RHB Willie Ochoa
|
0-0: Ball 1-0: Ball 2-0: Ball 3-0: Base on Balls
|
Batting: RHB Norm Wood
|
0-0: Called Strike 0-1: Ball 1-1: Swinging Strike 1-2: Ball 2-2: Ball 3-2: Foul Ball, location: 2F 3-2: Strikes out swinging
|
Batting: LHB Bill Ford
|
0-0: Ball 1-0: Foul Ball, location: 2F 1-1: Foul Ball, location: 2F 1-2: Foul Ball, location: 2F 1-2: Foul Ball, location: 2F 1-2: Fly out, F9 (Flyball, 9LSF, EV 90.0 MPH)
|
Top of the 5th over - 0 runs, 0 hits, 0 errors, 1 left on base; Detroit (WIN) 0 - Los Angeles (WIN) 1 |
BOTTOM OF THE 5TH |
Los Angeles (WIN) Dodgers batting - Pitching for Detroit (WIN) Tigers : RHP Dale Gilbert
|
Batting: RHB Devon Fourcade
|
0-0: Foul Ball, location: 2F 0-1: Ball 1-1: Foul Ball, location: 2F 1-2: Ball 2-2: Strikes out swinging
|
Batting: RHB Carlos Talavera
|
0-0: Ball 1-0: Foul Ball, location: 2F 1-1: Called Strike 1-2: Foul Ball, location: 2F 1-2: Strikes out swinging
|
Batting: LHB Helmut Steggall
|
0-0: Ball 1-0: Called Strike 1-1: Ground out 4-3 (Groundball, 4M, EV 86.2 MPH)
|
Bottom of the 5th over - 0 runs, 0 hits, 0 errors, 0 left on base; Detroit (WIN) 0 - Los Angeles (WIN) 1 |
TOP OF THE 6TH |
Detroit (WIN) Tigers batting - Pitching for Los Angeles (WIN) Dodgers : RHP Jason Englert
|
Batting: RHB Tanner Purchase
|
0-0: Ball 1-0: Ball 2-0: Fly out, F7 (Flyball, 7, EV 76.2 MPH)
|
Batting: SHB Adam Weber
|
0-0: Ball 1-0: Ball 2-0: Ball 3-0: Called Strike 3-1: Swinging Strike 3-2: Strikes out swinging
|
Batting: RHB J.J. Basil
|
0-0: Foul Ball, location: 2F 0-1: Ground out 6-3 (Groundball, 6, EV 81.9 MPH)
|
Top of the 6th over - 0 runs, 0 hits, 0 errors, 0 left on base; Detroit (WIN) 0 - Los Angeles (WIN) 1 |
BOTTOM OF THE 6TH |
Los Angeles (WIN) Dodgers batting - Pitching for Detroit (WIN) Tigers : RHP Dale Gilbert
|
Batting: RHB Kyle Garrett
|
0-0: Ball 1-0: SINGLE (Line Drive, 56D, EV 101.2 MPH)
|
Batting: LHB Tony Morales
|
0-0: Foul Ball, location: 2F 0-1: Ball 1-1: Foul Ball, location: 2F 1-2: Ball 2-2: SINGLE (Flyball, 34D, EV 98.1 MPH) Kyle Garrett to second
|
Batting: RHB Nick Getz
|
0-0: Called Strike 0-1: Foul Ball, location: 2F 0-2: Foul Ball, location: 2F 0-2: Strikes out swinging
|
Batting: LHB Jose Robles
|
0-0: Ball 1-0: SINGLE (Line Drive, 9S, EV 95.6 MPH) Kyle Garrett to third Tony Morales to second
|
Batting: LHB Robin More
|
0-0: Called Strike 0-1: Ball 1-1: Called Strike 1-2: Ball 2-2: Strikes out swinging
|
Batting: RHB Luis Grajeda
|
0-0: GRAND SLAM HOME RUN (Flyball, 7D, EV 98.1 MPH), Distance : 377 ft
|
Pitching: RHP Denzel McPherson
|
|
Batting: RHB Devon Fourcade
|
0-0: Foul Ball, location: 2F 0-1: Swinging Strike 0-2: Ball 1-2: Ball 2-2: Ball 3-2: Fly out, F7 (Flyball, 78M, EV 85.6 MPH)
|
Bottom of the 6th over - 4 runs, 4 hits, 0 errors, 0 left on base; Detroit (WIN) 0 - Los Angeles (WIN) 5 |
TOP OF THE 7TH |
Detroit (WIN) Tigers batting - Pitching for Los Angeles (WIN) Dodgers : RHP Jason Englert
|
Batting: SHB Sean Foley
|
0-0: Swinging Strike 0-1: Swinging Strike 0-2: Strikes out swinging
|
Batting: RHB Aaron Cusick
|
0-0: Ball 1-0: Ground out 6-3 (Groundball, 6M, EV 83.1 MPH)
|
Batting: LHB Brad Gaskill
|
0-0: Ball 1-0: SINGLE (Groundball, 4MD, EV 105.6 MPH)
|
Batting: RHB Willie Ochoa
|
0-0: Ball 1-0: Foul Ball, location: 2F 1-1: Foul Ball, location: 2F 1-2: Foul Ball, location: 2F 1-2: Ball 2-2: 2-RUN HOME RUN (Line Drive, 7D, EV 103.8 MPH), Distance : 390 ft
|
Batting: RHB Norm Wood
|
0-0: Ball 1-0: Swinging Strike 1-1: DOUBLE (Line Drive, 89D, EV 103.1 MPH)
|
Pitching: RHP Alexis Priego
|
|
Batting: LHB Bill Ford
|
0-0: Called Strike 0-1: Ball 1-1: Foul Ball, location: 2F 1-2: Foul Ball, location: 2F 1-2: Ball 2-2: Ball 3-2: Ground out 6-3 (Groundball, 6, EV 105.0 MPH)
|
Top of the 7th over - 2 runs, 3 hits, 0 errors, 1 left on base; Detroit (WIN) 2 - Los Angeles (WIN) 5 |
BOTTOM OF THE 7TH |
Los Angeles (WIN) Dodgers batting - Pitching for Detroit (WIN) Tigers : RHP Denzel McPherson
|
Batting: RHB Carlos Talavera
|
0-0: Called Strike 0-1: Called Strike 0-2: Foul Ball, location: 2F 0-2: Ball 1-2: Ball 2-2: Ball 3-2: Fly out, F7 (Flyball, 7LSF, EV 83.1 MPH)
|
Batting: LHB Helmut Steggall
|
0-0: Called Strike 0-1: Ball 1-1: Called Strike 1-2: Ball 2-2: Ball 3-2: Base on Balls
|
Batting: RHB Kyle Garrett
|
0-0: Ball 1-0: Foul Ball, location: 2F 1-1: Ball Helmut Steggall steals 2nd base 2-1: Ball 3-1: Foul Ball, location: 2F 3-2: 2-RUN HOME RUN (Flyball, 7D, EV 95.6 MPH), Distance : 366 ft
|
Batting: LHB Tony Morales
|
0-0: Ball 1-0: Ball 2-0: Called Strike 2-1: Foul Ball, location: 2F 2-2: Ball 3-2: SINGLE (Groundball, 34D, EV 105.0 MPH)
|
Pitching: RHP Dan Keener
|
|
Batting: RHB Nick Getz
|
0-0: Ball Tony Morales steals 2nd base 1-0: Ball 2-0: Ball 3-0: Called Strike 3-1: Base on Balls
|
Batting: LHB Jose Robles
|
0-0: Called Strike 0-1: Swinging Strike 0-2: Fly out, F7 (Flyball, 7, EV 81.9 MPH)
|
Batting: LHB Robin More
|
0-0: Swinging Strike 0-1: Ball 1-1: Ball 2-1: Swinging Strike 2-2: Strikes out swinging
|
Bottom of the 7th over - 2 runs, 2 hits, 0 errors, 2 left on base; Detroit (WIN) 2 - Los Angeles (WIN) 7 |
TOP OF THE 8TH |
Detroit (WIN) Tigers batting - Pitching for Los Angeles (WIN) Dodgers : RHP Alexis Priego
|
Batting: RHB Tanner Purchase
|
0-0: Ball 1-0: Ball 2-0: Foul Ball, location: 2F 2-1: Foul Ball, location: 2F 2-2: Strikes out looking
|
Batting: SHB Adam Weber
|
0-0: SINGLE (Groundball, 6S, EV 73.1 MPH) (infield hit)
|
Batting: RHB J.J. Basil
|
0-0: Swinging Strike 0-1: Foul Ball, location: 2F 0-2: Foul Ball, location: 2F 0-2: Ball 1-2: Ball 2-2: Ball 3-2: Fly out, F9 (Flyball, 89M, EV 89.4 MPH)
|
Batting: SHB Sean Foley
|
0-0: Foul Ball, location: 2F 0-1: Called Strike 0-2: Foul Ball, location: 2F 0-2: Strikes out looking
|
Top of the 8th over - 0 runs, 1 hit, 0 errors, 1 left on base; Detroit (WIN) 2 - Los Angeles (WIN) 7 |
BOTTOM OF THE 8TH |
Los Angeles (WIN) Dodgers batting - Pitching for Detroit (WIN) Tigers : RHP Dan Keener
|
Batting: RHB Luis Grajeda
|
0-0: Called Strike 0-1: Ball 1-1: Foul Ball, location: 2F 1-2: Strikes out looking
|
Batting: RHB Devon Fourcade
|
0-0: Called Strike 0-1: Foul Ball, location: 2F 0-2: Foul Ball, location: 2F 0-2: Ball 1-2: SOLO HOME RUN (Flyball, 7D, EV 97.5 MPH), Distance : 376 ft
|
Batting: RHB Carlos Talavera
|
0-0: Called Strike 0-1: Swinging Strike 0-2: Ball 1-2: Ball 2-2: Strikes out swinging
|
Batting: LHB Helmut Steggall
|
0-0: Reached on error, E6 (Groundball, 4MS, EV 72.5 MPH)
|
Batting: RHB Kyle Garrett
|
0-0: Ball 1-0: Ball 2-0: Called Strike Helmut Steggall steals 2nd base 2-1: Ball 3-1: Base on Balls
|
Pitching: LHP Edwin Pacheco
|
|
Batting: LHB Tony Morales
|
0-0: Ball 1-0: Swinging Strike 1-1: Ball 2-1: Ball 3-1: Base on Balls Helmut Steggall to third Kyle Garrett to second
|
Batting: RHB Nick Getz
|
0-0: Called Strike 0-1: Ball 1-1: Ball 2-1: Foul Ball, location: 2F 2-2: Ball 3-2: Ground out 1-3 (Groundball, 13S, EV 73.8 MPH)
|
Bottom of the 8th over - 1 run, 1 hit, 1 error, 3 left on base; Detroit (WIN) 2 - Los Angeles (WIN) 8 |
TOP OF THE 9TH |
Detroit (WIN) Tigers batting - Pitching for Los Angeles (WIN) Dodgers : RHP Alexis Priego
|
Batting: RHB Aaron Cusick
|
0-0: Fly out, F7 (Flyball, 78S, EV 91.9 MPH)
|
Batting: LHB Brad Gaskill
|
0-0: DOUBLE (Line Drive, 7LS, EV 107.5 MPH)
|
Batting: RHB Willie Ochoa
|
0-0: Ball 1-0: Called Strike 1-1: Fly out, F7 (Flyball, 7, EV 95.6 MPH)
|
Pinch Hitting: LHB Jon Frederick
|
0-0: Ball 1-0: Ball 2-0: SINGLE (Line Drive, 56D, EV 95.0 MPH) Brad Gaskill to third
|
Pitching: LHP Manny Rios
|
|
Batting: LHB Bill Ford
|
0-0: Called Strike 0-1: Foul Ball, location: 2F 0-2: DOUBLE (Flyball, 9LM, EV 102.5 MPH) Brad Gaskill scores Jon Frederick to third
|
Batting: RHB Tanner Purchase
|
0-0: Ball 1-0: Swinging Strike 1-1: Called Strike 1-2: Foul Ball, location: 2F 1-2: Strikes out looking
|
Top of the 9th over - 1 run, 3 hits, 0 errors, 2 left on base; Detroit (WIN) 3 - Los Angeles (WIN) 8 |
|